Cogmind - Beta 15 @@@ ROGUE MODE // 2025.05.11 @ 19:12:26 Player: jumpy Result: Destroyed by G-34 Mercenary with Small Laser Performance ------------- Evolutions (1) 500 Regions Visited (3) 600 Robots Destroyed (23) 115 Value Destroyed (621) 621 Prototype IDs (0) 0 Alien Tech Used (0) 0 Bonus (0) 0 TOTAL SCORE: 1836 Bonus ------- None Cogmind --------- Core Integrity 0/400 Matter 300/300 Energy 100/100 System Corruption 0% Temperature Cool (6) Movement Core (100) Ox1 Location -9/Storage Parts ------- > --- POWER (1) -------- (None) > --- PROPULSION (2) --- (None) > --- UTILITY (4) ------ Small Storage Unit Visual Processing Unit > --- WEAPON (2) ------- (None) > --- INVENTORY (8) ---- Aluminum Leg Compact Wheel Compact Wheel Peak State ------------ > --- POWER ------------ Ion Engine > --- PROPULSION ------- Aluminum Leg Aluminum Leg > --- UTILITY ---------- Small Storage Unit Visual Processing Unit Seismic Detector Hardened Light Armor Plating > --- WEAPON ----------- Medium Laser Heavy Assault Rifle > --- INVENTORY -------- Aluminum Leg Aluminum Leg Aluminum Leg Compact Wheel Compact Wheel Seismic Detector Small Laser Small Laser [Rating: 12] Favorites ----------- Power Ion Engine Engine Ion Engine Power Core Light Nuclear Core Propulsion Aluminum Leg Leg Aluminum Leg Utility Small Storage Unit Device Seismic Detector Storage Small Storage Unit Processor Visual Processing Unit Protection Hardened Light Armor Plating Weapon Medium Laser Energy Gun Medium Laser Ballistic Gun Heavy Assault Rifle Build | -11 -10 -9 -9 ------- Run | Yrd Mat Mat Sto Slots Evolved 2 | . . 2 . Power . | . . . . Propulsion . | . . . . Utility 2 | . . 2 . Weapon . | . . . . Parts Attached 24 | 7 3 5 9 Power 5 | 1 2 1 1 Engine 4 | 1 2 1 . Core 1 | . . . 1 Reactor . | . . . . Propulsion 5 | 2 1 . 2 Treads . | . . . . Leg 5 | 2 1 . 2 Wheel . | . . . . Hover . | . . . . Flight . | . . . . Utility 6 | 2 . 3 1 Device 2 | 1 . . 1 Storage 1 | 1 . . . Processor 1 | . . 1 . Hackware . | . . . . Protection 2 | . . 2 . Artifact . | . . . . Weapon 8 | 2 . 1 5 Energy Gun 5 | 1 . . 4 Energy Cannon . | . . . . Ballistic Gun 3 | 1 . 1 1 Ballistic Cannon . | . . . . Launcher . | . . . . Special Weapon . | . . . . Impact Weapon . | . . . . Slashing Weapon . | . . . . Piercing Weapon . | . . . . Special Melee Weapon . | . . . . Unidentified Prototypes . | . . . . Parts Lost 16 | . 1 . 15 Power 3 | . 1 . 2 Propulsion 4 | . . . 4 Utility 3 | . . . 3 Weapon 6 | . . . 6 Highest Loss Streak 7 | . 1 . 7 To Critical Strikes 1 | . . . 1 Average Backups 5 | 2 5 7 5 Power . | . 1 . . Propulsion 3 | 1 3 5 4 Utility . | . 1 1 . Weapon 1 | . . 1 1 Tool/Special . | . . . . Unused Backups 2 | . . . 2 Power . | . . . . Propulsion 2 | . . . 2 Utility . | . . . . Weapon . | . . . . Tool/Special . | . . . . Average Slot Usage (%) 87 | . 98 91 80 Engine 9 | . 12 11 6 Leg 21 | . 28 22 18 Device 9 | . 14 11 6 Storage 11 | . 14 11 11 Processor 6 | . . 2 11 Protection 7 | . . 11 6 Energy Gun 11 | . 14 11 10 Ballistic Gun 10 | . 14 11 9 Peak Build Rating 12 | 7 7 12 12 Average Rating 8 | 5 6 9 10 On Entrance 6 | . 7 7 12 Naked Turns . | . . . . Heaviest Build 21 | 13 15 21 21 Greatest Support 20 | 20 20 20 20 Greatest Overweight (x) 1 | . . 1 1 Average Overweight (x) . | . . . . Largest Inventory Capacity 8 | 8 8 8 8 Average Capacity 7 | 7 8 8 8 Most Carried 8 | 4 8 8 8 Average Carried 5 | 2 5 7 5 Final Capacity 8 | 8 8 8 8 Final Carried 8 | 4 8 8 3 Class Distribution -------------------- 54% | Scavenger-Mutant 45% | Mutant Dominant Class ---------------- Mutant | -10/Materials Scavenger-Mutant | -9/Materials Scavenger-Mutant | -9/Storage Resources | -11 -10 -9 -9 ----------- Run | Yrd Mat Mat Sto Matter Collected 715 | 303 12 162 238 Remotely . | . . . . Salvage Created 975 | 127 142 318 388 Parts 53 | 13 7 18 15 Haulers Intercepted 1 | . 1 . . Recyclers Shooed 2 | . . 2 . Parts Field Recycled . | . . . . Retrieved Matter . | . . . . Parts Self-Destructed . | . . . . Prevented . | . . . . Kills | -11 -10 -9 -9 ------- Run | Yrd Mat Mat Sto Combat Hostiles Destroyed 14 | . 2 4 8 Guns 14 | . 2 4 8 Classes Destroyed 6 | 2 2 2 . Tunneler 4 | 4 . . . Hauler 1 | . 1 . . Recycler 3 | 1 . 2 . Watcher 1 | . . 1 . Grunt 9 | . 2 2 5 Sentry 5 | . . 2 3 Best Kill Streak 3 | 3 2 3 3 Combat Bots Only 3 | . 2 1 3 Max Kills in Single Turn 1 | 1 1 1 1 Gunslinging . | . . . . Exploded . | . . . . Melee . | . . . . Uniques/NPCs Destroyed . | . . . . Combat | -11 -10 -9 -9 -------- Run | Yrd Mat Mat Sto Hostile Shots Fired 187 | . 17 26 144 Missed 38 | . 2 10 26 Hits 149 | . 15 16 118 Projectile 149 | . 15 16 118 Critical Strikes 5 | . . . 5 Damage Taken 1984 | . 168 206 1610 Core 437 | . 34 10 393 Absorbed by Shields 13 | . . . 13 Core Remaining (%) 93 | 100 86 . . Volleys Fired 102 | 11 11 23 57 Largest 2 | 2 2 2 2 Hottest 73 | 70 70 73 73 Shots Fired 178 | 22 22 46 88 Gun 178 | 22 22 46 88 Cannon . | . . . . Launcher . | . . . . Special . | . . . . Kinetic 89 | 11 11 23 44 Thermal 89 | 11 11 23 44 Explosive . | . . . . Electromagnetic . | . . . . Robot Hit Streak 15 | 5 6 11 15 Robot Miss Streak 4 | 3 3 4 3 Penetration Max . | . . . . Secondary Targets 1 | . . . 1 Max Gunslinging Chain 1 | . . . 1 Shots Hit Robots 125 | 13 14 33 65 Core Hits 43 | 6 6 11 20 Critical Kills . | . . . . Critical Parts Destroyed . | . . . . Critical Strikes 4 | . . 1 3 Burn 3 | . . 1 2 Destroy 1 | . . . 1 Melee Attacks . | . . . . Impact . | . . . . Slashing . | . . . . Piercing . | . . . . Sneak Attacks . | . . . . Combat Hostiles . | . . . . Follow-up Attacks . | . . . . Damage Inflicted 1694 | 157 209 440 888 Guns 1677 | 157 209 437 874 Cannons . | . . . . Explosions . | . . . . Melee . | . . . . Ramming 17 | . . 3 14 Kinetic 907 | 94 94 242 477 Thermal 770 | 63 115 195 397 Explosive . | . . . . Electromagnetic . | . . . . Impact . | . . . . Slashing . | . . . . Piercing . | . . . . Highest Corruption . | . . . . Average Corruption . | . . . . Corruption Purged . | . . . . Corruption Blocked . | . . . . Overload Shots . | . . . . Overflow Damage . | . . . . Projectiles . | . . . . Explosions . | . . . . Melee . | . . . . Knockbacks . | . . . . Impact . | . . . . Kinetic . | . . . . Secondary . | . . . . Self-Inflicted Damage . | . . . . Shots . | . . . . Rammed . | . . . . Targets Rammed 6 | . . 2 4 Kicked 6 | . . 2 4 Crushed . | . . . . Highest Temperature 382 | 27 106 138 382 Average Temperature 86 | 13 48 41 145 Received Heat Transfer 930 | . 90 78 762 Effects 2 | . . . 2 Matter Decay 2 | . . . 2 Siege Activations . | . . . . Martial Activations . | . . . . Shielding Activations . | . . . . Robots Disrupted . | . . . . Combat Hostiles . | . . . . Robots Corrupted . | . . . . Combat Hostiles . | . . . . Parts Fried . | . . . . Impact Corruptions . | . . . . Robots Melted . | . . . . Combat Hostiles . | . . . . Parts Melted 5 | . 1 . 4 Heat Transferred 2398 | 185 333 666 1214 Parts Sabotaged . | . . . . Parts Stolen . | . . . . Parts Stripped . | . . . . Power Chain Reactions . | . . . . Alert | -11 -10 -9 -9 ------- Run | Yrd Mat Mat Sto Maximum Alert Level . | . . . . Low Security (%) 100 | 100 100 100 100 Level 1 . | . . . . Level 2 . | . . . . Level 3 . | . . . . Level 4 . | . . . . Level 5 . | . . . . High Security . | . . . . Max Security . | . . . . Peak Influence 61 | 10 50 40 61 Initial 16 | . . 16 . Average 10 | 1 7 13 11 Influence Increases 425 | 25 57 132 211 Destroy 0b10 Robot/C 280 | . 40 80 160 Destroy 0b10 Robot/NC 45 | 25 5 15 . Destroy Leader 84 | . 12 22 50 Destroy Structure 1 | . . . 1 Lose Combat Pursuer 15 | . . 15 . Influence Decreases 425 | 25 17 172 211 Entered New Map 24 | . . 24 . Time Decay 299 | 25 17 148 109 Lost Part 102 | . . . 102 Squads Dispatched 3 | . 2 . 1 Investigation 1 | . 1 . . Extermination . | . . . . Reinforcement 2 | . 1 . 1 Assault . | . . . . Garrison . | . . . . Intercept . | . . . . Searches Triggered . | . . . . Construction Impeded . | . . . . Haulers Reinforced . | . . . . Active Scanning Responses . | . . . . Cargo Convoy Interrupts . | . . . . Stealth | -11 -10 -9 -9 --------- Run | Yrd Mat Mat Sto Distress Signals 3 | . . 2 1 Communications Jammed . | . . . . Distress Signals . | . . . . Times Spotted 25 | . 5 6 14 Peak Tracking Total 7 | . 4 2 7 Tactical Retreats 1 | . . 1 . Traps | -11 -10 -9 -9 ------- Run | Yrd Mat Mat Sto Traps Triggered 4 | . 1 . 3 Indirectly . | . . . . Trap Hack Attempts . | . . . . Triggered . | . . . . Disarmed . | . . . . Reprogrammed . | . . . . Reused . | . . . . Traps Extracted . | . . . . Installed . | . . . . Triggered . | . . . . Machines | -11 -10 -9 -9 ---------- Run | Yrd Mat Mat Sto Machines Disabled . | . . . . Max in Single Turn . | . . . . Machines Repaired . | . . . . Machines Dismantled . | . . . . Machines Sabotaged . | . . . . Overloaded Fab Kills . | . . . . Hacking | -11 -10 -9 -9 --------- Run | Yrd Mat Mat Sto Machines Accessed . | . . . . Terminals . | . . . . Fabricators . | . . . . Repair Stations . | . . . . Recycling Units . | . . . . Scanalyzers . | . . . . Garrison Access . | . . . . Total Hacks . | . . . . Successful . | . . . . Failed . | . . . . Catastrophic . | . . . . Database Lockouts . | . . . . Manual . | . . . . Terminals . | . . . . Fabricators . | . . . . Repair Stations . | . . . . Recycling Units . | . . . . Scanalyzers . | . . . . Garrison Access . | . . . . Terminal Hacks . | . . . . Fabricator Hacks . | . . . . Repair Station Hacks . | . . . . Recycling Unit Hacks . | . . . . Scanalyzer . | . . . . Garrison Access Hacks . | . . . . Unauthorized Hacks . | . . . . Terminals . | . . . . Fabricators . | . . . . Repair Stations . | . . . . Recycling Units . | . . . . Scanalyzers . | . . . . Garrison Access . | . . . . Data Cores Recovered . | . . . . Used . | . . . . Hacking Detections . | . . . . Full Trace Events . | . . . . Feedback Events . | . . . . Feedback Blocked . | . . . . Robot Schematics Acquired . | . . . . Robots Built . | . . . . Authchips . | . . . . Time . | . . . . Total Robot Build Rating . | . . . . Part Schematics Acquired . | . . . . Parts Built . | . . . . Authchips . | . . . . Time . | . . . . Total Part Build Rating . | . . . . Parts Repaired . | . . . . Time . | . . . . Parts Recycled . | . . . . Recycled Matter . | . . . . Retrieved Matter . | . . . . Retrieved Components . | . . . . Parts Scanalyzed . | . . . . Part Schematics Acquired . | . . . . Parts Damaged . | . . . . Bothacking | -11 -10 -9 -9 ------------ Run | Yrd Mat Mat Sto Used RIF Installer . | . . . . Robots Hacked . | . . . . Non-combat . | . . . . Combat . | . . . . Robot Hacks Applied . | . . . . Relay Couplers Released . | . . . . Fabnet Peak Effective % . | . . . . Robots Rewired . | . . . . Allies Hacked . | . . . . Hacks Repelled . | . . . . Allies | -11 -10 -9 -9 -------- Run | Yrd Mat Mat Sto Total Allies . | . . . . Largest Group . | . . . . Highest-Rated Group . | . . . . Highest-Rated Ally . | . . . . Total Orders . | . . . . Ally Attacks . | . . . . Total Damage . | . . . . Kills . | . . . . Allies Corrupted . | . . . . Allies Melted . | . . . . Intel | -11 -10 -9 -9 ------- Run | Yrd Mat Mat Sto Active Infowar (turns) 1038 | 82 148 382 426 Optics 526 | . . 100 426 Seismic 852 | 82 148 382 240 Robot Analysis Total . | . . . . Derelict Logs Recovered . | . . . . Drone Launches . | . . . . Drone Recoveries . | . . . . Exploration | -11 -10 -9 -9 ------------- Run | Yrd Mat Mat Sto Turns Passed 1121 | 165 148 382 426 Spaces Moved 521 | 105 90 177 149 Core 26 | 11 . . 15 Treads . | . . . . Legs 495 | 94 90 177 134 Wheels . | . . . . Hover . | . . . . Flight . | . . . . Fastest Speed 50 | 50 120 120 100 Average Speed 146 | 112 120 166 161 Slowest Speed 190 | 120 120 190 190 Overloaded Moves . | . . . . Propulsion Burnouts . | . . . . Robots Hopped . | . . . . Potential Cave-ins . | . . . . Cave-ins Triggered . | . . . . Exploration Rate (%) 17 | 6 22 14 29 Regions Visited 3 Branch Regions 1 Pre-discovered Areas . | . . . . Known Exits Taken . | . . . . Unknown Exits Taken 3 | 1 1 1 . Scrap Searched . | . . . . Spaces Dug . | . . . . Terrain Destroyed . | . . . . Melee . | . . . . Projectile . | . . . . AOE . | . . . . Terrain Rammed . | . . . . Walls Destroyed . | . . . . Machines Disabled . | . . . . Actions | -11 -10 -9 -9 --------- Run | Yrd Mat Mat Sto Total 693 | 126 108 217 242 Wait 24 | . . 7 17 Move 518 | 104 89 176 149 Hop . | . . . . Pick Up 9 | 4 4 1 . Fast Attach 12 | 7 . 2 3 Attach 7 | . 1 1 5 Detach . | . . . . Swap 6 | . 2 2 2 Drop 4 | . 1 3 . Fire 102 | 11 11 23 57 Melee . | . . . . Ram . | . . . . Kick 6 | . . 2 4 Crush . | . . . . Escape Stasis 5 | . . . 5 Rewire . | . . . . Trap . | . . . . Miscellaneous . | . . . . Route ------- -11/Scrapyard -10/Materials -9/Materials (discovered 2 exits: [*Min] / [*Sto]) -9/Storage History --------- Turn | Location | Event 2 | -11/Scrapyard | Met Revision 17 3 | -11/Scrapyard | Discovered new exit (range 16) 166 | -11/Scrapyard | Entered Materials 268 | -10/Materials | Discovered new exit (range 15) 300 | -10/Materials | Build established: Mutant 314 | -10/Materials | Entered another Materials area 314 | -9/Materials | Evolved 2 slots: Utility x2 540 | -9/Materials | Discovered new exit (range 8) 581 | -9/Materials | Discovered new exit (range 5) 696 | -9/Materials | Entered Storage 741 | -9/Storage | Build established: Scavenger-Mutant 1004 | -9/Storage | Lost 7 parts (1p2n2u2w) 1084 | -9/Storage | Core integrity fell below 50% 1106 | -9/Storage | Core integrity fell below 20% 1122 | -9/Storage | Destroyed by G-34 Mercenary with Small Laser Last Messages --------------- 00996_ K-01 Serf collects debris. 01002_ Acquired Hvy. Assault Rifle. 01004_ K-01 Serf collects debris. 01031_ Critical hit (Burn: +37). 01052_ Aluminum Leg destroyed. 01058_ Sml. Laser destroyed. 01060_ Lgt. Nuclear Core destroyed. 01062_ Component Storage disabled. 01065_ G-47 Trooper destroyed. 01088_ Sml. Laser destroyed. 01089_ G-34 Mercenary destroyed. 01095_ Acquired 42 matter. 01099_ Critical hit (Burn: +37). 01101_ Aluminum Leg destroyed. 01103_ Hvy. Assault Rifle destroyed. 01105_ Acquired Sml. Laser. 01108_ Critical hit (Destroy). 01108_ Sml. Laser destroyed. 01112_ Acquired 25 matter. 01120_ K-01 Serf collects debris. Map ----- +----------------------------------------------------+ | ????????????????????????????????????# # """# #?? | | ???????????????????????????????###??# # ! # #?? | | ?????????????????????????????### #### + + #?? | | ?????????????????????????????# [%! # ##+##### #?? | | ?????????????????????????????# = # ##### #?? | | ?????????????????????????????#""" / #?? | | ?????????????????????????????#"R # ##+## #?? | | ?????????????????????????????#""" # #???# #?? | | ?????????????????????????????# + #???# #?? | | ?????????????????????????????#####+## #???# #?? | | ?????????????????????????????????# #???# #?? | | ?????????????????????????????????# #???# #?? | | ?????????????????????????????????#% !#???# #?? | | ??????????????????????????########+##%#???# #?? | | ??????????????????????????# #[#???# #?? | | ?????????????????? / """""" # ##??# #?? | | ??????????????????????????#??????" #[##### #?? | | ??????????????????????????# ?????" %+ ! #?? | | ??????????????????????????# """""" #### #?? | | ??????????????????????????# ### []] ### | | ??????????????????????????# ### []] ""# | | ???????????## ????????????# ### ]] T"# | | ???????????# ##############+######## [ ""# | | ???????????# ### | | ???????????+ k ### !!""# | | ???????????# @ g! ### !!""# | | ???????????# ######+#######Y######?# T"# | | ??????????????????????????# % #??# ^^ ""# | | ??????????????????????????# #??# """ ""# | | ??????????????????????????# """" #??# """ ### | | ??????????????????????????# """"" #??# """ #?? | | ??????????????????????????# = """" #### #?? | | ??????????????????????????# + #?? | | ??????????????????????????# ########?#+#?? | | ??????????????????????????# #????????????? | | ??????????????????????????###########????????????? | | ?????????????????????????????????????????????????? | | ?????????????????????????????????????????????????? | | ?????????????????????????????????????????????????? | | ?????????????????????????????????????????????????? | | | | | | | | | | | | | | | | | | | | | +----------------------------------------------------+ Best States ------------- Heat Dissipation 28 Energy Generation 14 Energy Capacity 250 Matter Stores 300 Matter Capacity 300 Sight Range 18 Terrain Scan Density 10 Armor Coverage 150 Evasion (%) 55 Item Schematics ----------------- None Robot Schematics ------------------ None Fabricated ------------ Nothing Repaired ---------- Nothing Alien Tech Used ----------------- None Achievements -------------- None Challenges ------------ None Game ------ Seed ProtonWarlordBeamcaster Manual? 0 Play Time 00:08:33 Cumulative 89.1 hours Start 2025.05.11 @ 19:06:10 End 2025.05.11 @ 19:12:26 Sessions 1 Manual Loads 0 Difficulty Rogue Special Mode None Game No. 226 Rogue 226 Adventurer 0 Explorer 0 Win Type - Total 2 Types 2/0/0/0/0/0/0/0/0/0 Lore% 38 Gallery% 45 Achievement% 36 Wizard Run 0 Options --------- Layout 0 ASCII 0 Keyboard 0 Movement Numpad Keybinds 0 Fullscreen 2 Font 18/Terminus Map View 76x50 Zoom Use 0% Tactical HUD 1 Map Filters NONE Filters NONE Steam 1 RUN: 8e820664-26e9-43c7-ba2a-ff6453c4b1d5